 Dungeon Crawl Stone Soup version 0.30.0-29-ga12c61a403 (webtiles) character file.

Game seed: 7303720321838955681

79 wingedge the Chiller (level 4, -3/32 HPs)
             Began as a Human Ice Elementalist on June 11, 2023.
             Slain by Duvessa
             ... wielding a +0 short sword
              (10 damage)
             ... on level 6 of the Dungeon.
             The game lasted 00:07:39 (2370 turns).

wingedge the Chiller (Human Ice Elementalist)       Turns: 2370, Time: 00:07:40

Health: -3/32      AC:  2    Str:  9    XL:     4   Next: 62%
Magic:  2/8        EV: 11    Int: 17    God:
Gold:   87         SH:  3    Dex: 13    Spells: 1/8 levels left

rFire   . . .        b - +1 sling
rCold   . . .        s - +0 buckler
rNeg    . . .        j - +0 robe
rPois   .            (no helmet)
rElec   .            h - scarf {repulsion}
rCorr   .            (no gloves)
SInv    .            (no boots)
Will    .....        (no amulet)
Stlth   ++           (no ring)
HPRegen 0.25/turn    (no ring)
MPRegen 0.11/turn

%: repel missiles
@: weak-willed, weakened, very slightly contaminated
A: no striking features
a: no special abilities


You were on level 6 of the Dungeon.
You visited 1 branch of the dungeon, and saw 4 of its levels.

You collected 87 gold pieces.

Inventory:

Hand Weapons
 a - a +0 spear
 b - a +1 sling (weapon)
 c - a +0 dagger
 d - a +0 short sword
Armour
 h - a scarf of repulsion (worn)
 j - a +0 robe (worn)
 s - a +0 buckler (worn)
Magical Staves
 o - a staff of conjuration
Jewellery
 v - an amulet of faith
Scrolls
 l - a scroll of amnesia
Potions
 e - a potion of degeneration {unknown}
 g - a potion of mutation {unknown}
 k - a potion of flight {unknown}
 m - a potion of magic
 p - 2 potions of resistance {unknown}
 u - a potion of curing {unknown}


   Skills:
 + Level 1.1 Fighting
 - Level 2.0 Dodging
 - Level 2.0 Stealth
 + Level 2.7 Spellcasting
 + Level 5.0 Ice Magic


You had one spell level left.
You knew the following spells:

 Your Spells              Type           Power      Damage    Failure   Level
a - Freeze                Ice            76%        1d8       3%          1
b - Frozen Ramparts       Ice            38%        1d6       11%         3
c - Ozocubu's Armour      Ice            19%        N/A       11%         3

Your spell library contained the following spells:

 Spells                   Type           Power      Damage    Failure   Level
 Summon Ice Beast         Ice/Summ       10%        N/A       69%         4


Dungeon Overview and Level Annotations

Branches:
Dungeon (3/15)

Altars:
Ru

Annotations:
D:6 Dowan, Duvessa


Message History

Duvessa is lightly wounded.
Duvessa hits you with a +0 short sword!
* * * LOW HITPOINT WARNING * * *
Casting: Freeze (safe; 3% risk of failure)
Confirm with . or Enter, or press ? or * to list all spells.
Aiming: Freeze (safe; 3% risk of failure)
Press: ? - help, Shift-Dir - straight line, f/p - Duvessa
Aim: Duvessa, wielding a +0 short sword and wearing a +0 leather armour (lightly wounded, weak-willed)
You freeze Duvessa.
Duvessa is lightly wounded.
Duvessa barely misses you.
Casting: Freeze (safe; 3% risk of failure)
Confirm with . or Enter, or press ? or * to list all spells.
Aiming: Freeze (safe; 3% risk of failure)
Press: ? - help, Shift-Dir - straight line, f/p - Duvessa
Aim: Duvessa, wielding a +0 short sword and wearing a +0 leather armour (lightly wounded, weak-willed)
You freeze Duvessa!
Duvessa is heavily wounded.
A gnoll bouda comes into view. It is wielding a +0 club.
Duvessa hits you with a +0 short sword.
* * * LOW HITPOINT WARNING * * *
Casting: Freeze (safe; 3% risk of failure)
Confirm with . or Enter, or press ? or * to list all spells.
Aiming: Freeze (safe; 3% risk of failure)
Press: ? - help, Shift-Dir - straight line, f/p - Duvessa
Aim: Duvessa, wielding a +0 short sword and wearing a +0 leather armour (heavily wounded, weak-willed)
You freeze Duvessa.
Duvessa is heavily wounded.
Duvessa misses you.
Casting: Freeze (safe; 3% risk of failure)
Confirm with . or Enter, or press ? or * to list all spells.
Aiming: Freeze (safe; 3% risk of failure)
Press: ? - help, Shift-Dir - straight line, f/p - Duvessa
Aim: Duvessa, wielding a +0 short sword and wearing a +0 leather armour (heavily wounded, weak-willed)
You freeze Duvessa.
Duvessa is heavily wounded.
The gnoll bouda gazes fiercely through you!
You feel your attacks grow feeble. Duvessa hits you with a +0 short sword!
You die...

#.............
#.############
#.## ##.(#
#..# #...#
##.#####.....
.
#..##....###.#
##...#........
###.......g..
#...@.g...##
##..e.....#
##.e.....#
#.....###
#......#
......##
#.......#
#.........
$.........


You could see Duvessa (weak-willed), Dowan (weak-willed), a gnoll bouda and a
gnoll.

Vanquished Creatures
  3 adders (D:2)
  4 dart slugs
  9 ball pythons
  2 endoplasms
  2 goblins
  4 hobgoblins
  4 jackals (D:2)
  3 kobolds
  A quokka (D:3)
  4 bats
  3 frilled lizards
  3 rats
42 creatures vanquished.

Notes
Turn   | Place    | Note
-------+----------+-------------------------------------------
     0 | D:1      | wingedge the Human Ice Elementalist began the quest for the
                  | Orb.
     0 | D:1      | Reached XP level 1. HP: 13/13 MP: 3/3
   159 | D:1      | Reached XP level 2. HP: 18/20 MP: 5/5
   174 | D:1      | Reached skill level 1 in Fighting
   852 | D:1      | Reached XP level 3. HP: 26/26 MP: 4/6
  1253 | D:2      | Reached XP level 4. HP: 21/32 MP: 1/7
  1458 | D:2      | Found a sacrificial altar of Ru.
  1489 | D:2      | Reached skill level 5 in Ice Magic
  1559 | D:2      | Learned a level 3 spell: Frozen Ramparts
  1563 | D:2      | Learned a level 3 spell: Ozocubu's Armour
  2269 | D:3      | Found a faded altar of an unknown god.
  2320 | D:3      | You fall into a shaft and drop 3 floors!
  2338 | D:6      | Noticed an ice beast
  2354 | D:6      | Noticed Duvessa
  2355 | D:6      | Noticed Dowan
  2370 | D:6      | Slain by Duvessa

Illustrated notes

Levels and vault maps discovered:
D:1:      minmay_arrival_cross, layout_loops_ring, serial_glass,
          glass_columns_a, glass_columns_b
D:2:      layout_basic, basic_altar, serial_curves, eino_curves_03,
          eino_curves_03, eino_curves_02
D:3:      layout_basic, mainiacjoe_overflow_alcove_2,
          mainiacjoe_overflow_boulevard, nemelex_altar_shiori,
          chequers_ecumenical_altar_island, uniq_sigmund
D:6:      layout_cave_pools, lemuel_coloured_pillars_altar, chequers_jeans,
          uniq_pikel, uniq_duvessa, uniq_prince_ribbit1

Skill      XL: |  1  2  3  4 |
---------------+-------------+-----
Fighting       | 1 |  1.1
Ice Magic      | 5 |  5.0
Dodging        | |  2.0
Stealth        | |  2.0
Spellcasting   | |  2.7

Action                     |  1- 3 |  4- 6 || total
---------------------------+-------+-------++-------
  Melee: Unarmed           |     4 |       ||     4
         Dagger            |    12 |     2 ||    14
   Fire: Sling             |       |    26 ||    26
   Cast: Freeze            |    43 |    13 ||    56
    Use: Scroll            |       |     6 ||     6
   Stab: Sleeping          |       |     1 ||     1
 Armour: Robe              |     7 |       ||     7
  Dodge: Dodged            |    26 |     6 ||    32
         Repelled          |     2 |       ||     2
  Block: Buckler           |     8 |     1 ||     9
